 Dungeon Crawl Stone Soup version 0.28.0-47-ge53b351184 (webtiles) character file.

Game seed: 2538272645773307880

760 styxcanada the Covert (level 7, 0/35 HPs)
             Began as a Spriggan Brigand on Apr 29, 2022.
             Slain by a centaur skeleton (3 damage)
             ... on level 6 of the Dungeon on Apr 30, 2022.
             The game lasted 00:21:45 (5905 turns).

styxcanada the Covert (Spriggan Brigand)            Turns: 5905, Time: 00:21:46

Health: 0/35       AC:  5    Str:  7    XL:     7   Next: 50%
Magic:  21/21      EV: 20    Int: 12    God:
Gold:   200        SH:  0    Dex: 19    Spells: 10/12 levels left

rFire   . . .      SeeInvis +   a - +2 dagger
rCold   . . .      Faith    .   (no shield)
rNeg    . . .      Spirit   .   b - +0 robe
rPois   .          Reflect  .   (helmet restricted)
rElec   .          Harm     .   c - +2 cloak
rCorr   .          Rampage  .   (gloves unavailable)
Will    +....                   (boots unavailable)
Stlth   ++++......              (no amulet)
HPRegen 0.11/turn               o - ring of magical power
MPRegen 0.17/turn               (no ring)

@: very quick
A: very small, no large weapons, unfitting armour, see invisible, speed 3
a: no special abilities


You were on level 6 of the Dungeon.
You visited 1 branch of the dungeon, and saw 6 of its levels.

You collected 200 gold pieces.

Inventory:

Hand Weapons
 a - a +2 dagger (weapon)
 g - a +0 dagger of freezing
Missiles
 d - 11 poisoned darts (quivered)
 e - 2 curare-tipped darts
 f - 100 stones
 i - 77 sling bullets
 m - 2 atropa-tipped darts
 q - 2 boomerangs
Armour
 b - a +0 robe (worn)
 c - a +2 cloak (worn)
 k - an orb of light
Jewellery
 o - a ring of magical power (left hand)
Scrolls
 p - a scroll of fear
 r - 3 scrolls of teleportation
Potions
 h - a potion of brilliance
 j - a potion of haste
 l - 2 potions of invisibility
 n - a potion of degeneration {unknown}
 s - a potion of berserk rage {unknown}
 t - a potion of cancellation {unknown}
 u - a potion of curing


   Skills:
 * Level 2.7 Fighting
 + Level 4.0 Short Blades
 + Level 2.8 Throwing
 * Level 4.8 Dodging
 * Level 9.3 Stealth
 * Level 3.0 Spellcasting
 * Level 2.8 Translocations


You had 10 spell levels left.
You knew the following spells:

 Your Spells              Type           Power      Damage    Failure   Level
a - Blink                 Tloc           16%        N/A       12%         2

Your spell library contained the following spells:

 Spells                   Type           Power      Damage    Failure   Level
 Apportation              Tloc           16%        N/A       8%          1
 Animate Skeleton         Necr           2%         N/A       24%         1
 Slow                     Hex            4%         N/A       24%         1
 Summon Small Mammal      Summ           4%         N/A       24%         1
 Confusing Touch          Hex            1%         N/A       58%         3
 Vampiric Draining        Necr           1%         2d6       58%         3
 Manifold Assault         Tloc           8%         N/A       91%         5
 Storm Form               Tmut/Air       0%         N/A       100%        7


Dungeon Overview and Level Annotations

Branches:
Dungeon (6/15)
 Temple: D:4-7

Altars:
Makhleb
Sif Muna
Wu Jian
Zin

Shops:
D:3 (

Annotations:
D:5 3 runed translucent doors, Atherized's ghost, novice MiBe


Innate Abilities, Weirdness & Mutations

You are very small and have problems with some larger weapons.
You are too small for most types of armour.
You have supernaturally acute eyesight. (SInv)
You cover ground extremely quickly. (Speed+++)


Message History

You are no longer poisoned.
The orc shouts!
The gnoll shouts! x2; You hear a shout! x2
A gnoll sergeant comes into view. It is wielding a +3 spear.
You hear an angry hiss.
An adder comes into view.
The gnoll shouts!
A gnoll comes into view. It is wielding a +0 club.
The gnoll completely misses you.
As you read the scroll of fear, it crumbles to dust.
You assume a fearsome visage.
The gnoll looks frightened! x2
The adder looks frightened!
The centaur looks frightened!
You barely miss the orc. The orc barely misses you.
You hit the orc.
The orc is almost dead.
You hit the orc.
You kill the orc!
A gnoll comes into view. It is wielding a +0 spear.
The gnoll sergeant completely misses you.
Things that are here:
a +0 club; an orc corpse You barely miss the adder.
The adder bites you but does no damage.
Cornered, the gnoll turns to fight!
The gnoll sergeant barely misses you.
You barely miss the adder. The adder misses you.
The gnoll sergeant completely misses you.
You completely miss the adder. The adder closely misses you.
A centaur skeleton comes into view.
The gnoll sergeant closely misses you.
You miss the adder. The adder closely misses you.
You hit the adder.
The adder is moderately wounded.
The adder misses you.
The gnoll sergeant hits you from afar with a +3 spear!
* * * LOW HITPOINT WARNING * * *
The adder misses you.
You closely miss the adder.
The adder is moderately wounded.
The gnoll sergeant misses you. The adder bites you but does no damage.
The centaur skeleton hits you.
You die...

.$....)oc.o..#
).##...o###..###
.# . #.^...#
#h...# ###.###
#.....#
#.##.........#
...###.# #.#
....... .##. #.#
#.# ..... # #.#
#c# ..# .. #.#
##Z# #g####@.#
#gg)S..##
#.g##### #.....#
........#
#.......g#
#........g
#S.......##
#........#


You could see a gnoll sergeant, 2 gnolls, an adder and a centaur skeleton.

Vanquished Creatures
  A necrophage (D:4)
  A sky beast (D:5)
  An ogre (D:5)
  A phantom (D:5)
  A scorpion (D:5)
  A jelly (D:5)
  A hound (D:5)
  An iguana (D:5)
  Jessica (D:2)
  A bullfrog skeleton (D:5)
  A scorpion zombie (D:5)
  An orc wizard (D:4)
  A killer bee zombie (D:5)
  A hound skeleton (D:4)
  2 adders
  A shadow imp (D:5)
  2 ufetubi (D:5)
  An adder skeleton (D:3)
  An adder zombie (D:5)
  2 worms
  A dart slug (D:3)
  5 orcs
  6 ball pythons
  6 bats
  9 endoplasms
  A giant cockroach (D:2)
  5 goblins
  8 hobgoblins
  11 jackals
  A quokka (D:1)
  3 frilled lizards
  8 kobolds
  3 rats
90 creatures vanquished.

Vanquished Creatures (others)
  55 plants (D:5)
55 creatures vanquished.

Grand Total: 145 creatures vanquished

Notes
Turn   | Place    | Note
-------+----------+-------------------------------------------
     0 | D:1      | styxcanada the Spriggan Brigand began the quest for the
                  | Orb.
     0 | D:1      | Reached XP level 1. HP: 10/10 MP: 2/2
   295 | D:1      | Reached skill level 6 in Stealth
   342 | D:1      | Reached XP level 2. HP: 12/15 MP: 3/3
   693 | D:1      | Found a faded altar of an unknown god.
  1162 | D:2      | Reached XP level 3. HP: 18/18 MP: 4/4
  1167 | D:2      | Noticed Jessica
  1197 | D:2      | Killed Jessica
  1422 | D:2      | Reached skill level 7 in Stealth
  1699 | D:3      | Reached XP level 4. HP: 23/23 MP: 5/5
  2228 | D:3      | Found Gomoetus's Antique Weapon Shoppe.
  2820 | D:4      | Reached skill level 1 in Spellcasting
  2915 | D:4      | Reached XP level 5. HP: 26/26 MP: 7/7
  2936 | D:4      | Learned a level 2 spell: Blink
  2951 | D:4      | Noticed a necrophage
  2957 | D:4      | Killed a necrophage
  2958 | D:4      | Reached skill level 8 in Stealth
  2958 | D:4      | Reached skill level 1 in Translocations
  3321 | D:4      | Found a shimmering blue altar of Sif Muna.
  4218 | D:5      | Entered Level 5 of the Dungeon
  4218 | D:5      | Found a burning altar of Makhleb.
  4223 | D:5      | Noticed a sky beast
  4235 | D:5      | Found an ornate altar of the Wu Jian Council.
  4238 | D:5      | Found a runed translucent gate.
  4238 | D:5      | Found a runed translucent gate.
  4244 | D:5      | Killed a sky beast
  4245 | D:5      | Reached XP level 6. HP: 24/31 MP: 10/10
  4567 | D:5      | Reached skill level 9 in Stealth
  4578 | D:5      | Found a glowing silver altar of Zin.
  4824 | D:5      | Reached XP level 7. HP: 4/35 MP: 11/11
  5202 | D:5      | Found a runed translucent gate.
  5250 | D:5      | Noticed Atherized's ghost (novice MiBe)
  5905 | D:6      | Slain by a centaur skeleton

Illustrated notes

Levels and vault maps discovered:
D:1:      heliophobic_arrival_battle_scene, layout_rooms,
          ebering_ecumenical_altar_abandoned
D:2:      layout_loops_ring, uniq_jessica
D:3:      layout_rooms, serial_shops, shop
D:4:      layout_layer_cave, led_sif_book, glass_columns_a
D:5:      layout_cave_pools, old_standard_altar, grunt_temple_overflow_open,
          serial_bayou, serial_bayou_shore_a, serial_bayou_ford_a,
          serial_bayou_lagoon_b, serial_bayou_lagoon_a, serial_bayou_pond_c,
          serial_bayou_crossing, gammafunk_ghost_necromancy
D:6:      layout_rooms, kennysheep_generic_room_10

Skill      XL: |  1  2  3  4  5  6  7 |
---------------+----------------------+-----
Dodging        | 2 3 4 |  4.8
Stealth        | 6 7 8 9 |  9.3
Fighting       | 2 |  2.7
Spellcasting   | 1 2 3 |  3.0
Short Blades   | 3 4 |  4.0
Translocations | 1 2 |  2.8
Throwing       | |  2.8

Action                   |  1- 3 |  4- 6 |  7- 9 || total
-------------------------+-------+-------+-------++-------
Melee: Dagger            |   132 |   215 |    83 ||   430
       Punch             |       |     3 |       ||     3
Throw: Dart              |    15 |    29 |     6 ||    50
       Stone             |       |     1 |       ||     1
 Cast: Blink             |       |     1 |     1 ||     2
  Use: Scroll            |       |    12 |     3 ||    15
       Potion            |       |       |     1 ||     1
 Stab: Sleeping          |     6 |    13 |     1 ||    20
       Distracted        |       |     2 |     2 ||     4
Armor: Robe              |    19 |    48 |     9 ||    76
Dodge: Dodged            |    94 |   178 |    78 ||   350
